Map: Pilares de oro EE

Players

MrFercho - Winner!

  • Race: Zerg Zerg
  • League: Silver
  • Spawn Location: 1:00

Yisas

  • Race: Terran Terran
  • League: Silver
  • Spawn Location: 7:00

VOD

Have the link to the VOD?

Description

Time

  • Played on: July 14, 2020, 5:23 p.m.
  • Length: 14:53
Show
View Real Time Build Order
Export as new Build Order

MrFercho Zerg - Winner!

Build Orders: Pool First, Lurkers 

Get SALT Encoding   

  12  0:01  Drone  
  13  0:13  Overlord  
  13  0:17  Drone  
  14  0:31  Drone x2  
  16  0:44  Drone  
  17  0:59  Drone  
  18  1:15  Spawning Pool, Drone x2  
  19  1:27  Extractor  
  19  1:28  Hatchery  
  19  1:30  Drone x2  
  19  1:45  Drone  
  20  1:56  Overlord  
  20  2:11  Overlord  
  20  2:18  Queen  
  22  2:26  Drone  
  23  2:30  Metabolic Boost  
  23  2:33  Drone  
  24  2:41  Drone  
  24  2:43  Queen  
  27  2:45  Drone  
  28  2:57  Drone x2  
  30  3:00  Spine Crawler  
  30  3:02  Drone  
  28  3:23  Drone x2  
  28  3:24  Drone x2  
  31  3:37  Lair  
  31  3:39  Drone x3  
  34  3:45  Spine Crawler  
  33  3:57  Drone x5  
  38  4:05  Roach Warren  
  38  4:07  Drone x4  
  38  4:09  Evolution Chamber  
  40  4:21  Spine Crawler  
  39  4:32  Zergling x4  
  39  4:35  Zergling x4  
  39  4:37  Zerg Missile Weapons Level 1  
  43  4:39  Drone  
  43  4:41  Overlord x3  
  44  4:47  Extractor  
  44  4:49  Extractor  
  42  4:58  Drone x2  
  42  4:59  Overlord  
  44  5:00  Overlord  
  44  5:01  Drone x2  
  46  5:07  Glial Reconstitution  
  46  5:24  Drone  
  46  5:25  Drone  
  48  5:29  Drone x3  
  51  5:45  Hatchery  
  50  5:50  Hydralisk Den, Drone  
  50  5:51  Drone x7  
  57  6:02  Queen  
  59  6:17  Drone  
  60  6:24  Roach x6  
  72  6:31  Muscular Augments  
  73  6:32  Drone  
  73  6:33  Drone  
  73  6:35  Drone x2  
  73  6:36  Drone  
  77  6:41  Extractor  
  76  6:48  Zerg Missile Weapons Level 2  
  76  6:49  Hatchery  
  75  6:57  Spore Crawler  
  74  7:04  Spine Crawler  
  74  7:06  Drone x3, Spine Crawler  
  75  7:21  Queen  
  77  7:25  Drone x10  
  77  7:26  Drone  
  77  7:29  Extractor  
  87  7:31  Extractor  
  86  7:42  Overseer  
  86  7:43  Grooved Spines  
  86  7:51  Infestation Pit  
  85  8:00  Zergling x10  
  85  8:01  Overseer  
  85  8:02  Overlord x5  
  85  8:03  Overlord  
  90  8:44  Drone x3  
  90  8:45  Drone x2  
  90  8:47  Drone x2  
  97  8:53  Evolution Chamber  
  97  8:54  Hive  
  96  9:06  Lurker Den  
  96  9:08  Zerg Ground Armor Level 1  
  95  9:19  Spore Crawler  
  95  9:22  Drone  
  95  9:23  Spine Crawler x2, Drone  
  95  9:24  Drone  
  95  9:38  Hatchery, Burrow  
  94  9:41  Hydralisk x9  
  94  9:42  Extractor x2, Hydralisk x3  
  110  10:33  Hydralisk  
  110  10:34  Hydralisk x11  
  134  10:39  Overlord x2  
  134  10:40  Overlord x4  
  134  10:44  Zerg Missile Weapons Level 3  
  134  10:47  Seismic Spines  
  134  10:58  Spire  
  132  11:19  Lurker x4  
  136  11:25  Hydralisk  
  136  11:26  Hydralisk x15  
  168  11:41  Zergling x8  
  168  11:44  Adaptive Talons  
  172  11:57  Drone x7  
  179  12:10  Zerg Ground Armor Level 2  
  179  12:13  Greater Spire  
  179  12:28  Zergling x2  
  179  12:29  Zergling x20  
  190  12:31  Overlord x2  
  190  12:32  Overlord  
  190  12:33  Overlord  
  142  13:50  Corruptor x4  
  142  13:51  Corruptor x18  
  169  14:03  Overlord x2  
  169  14:04  Overlord x2  
Show
View Real Time Build Order
Export as new Build Order

Yisas Terran 

Build Orders:  

Get SALT Encoding   

  12  0:01  SCV  
  13  0:19  Supply Depot  
  13  0:20  SCV  
  14  0:32  Refinery  
  14  0:43  Barracks  
  15  0:50  SCV  
  15  0:58  Supply Depot  
  15  1:12  Supply Depot  
  15  1:20  Refinery  
  15  1:37  Marine  
  16  1:44  SCV, Refinery  
  17  1:55  Marine  
  17  1:56  SCV  
  19  2:07  Factory  
  19  2:13  Marine  
  20  2:42  SCV  
  20  2:43  Command Center  
  21  2:55  Factory Tech Lab  
  19  3:31  Siege Tank  
  22  3:38  Starport  
  22  3:43  Barracks Reactor  
  22  3:53  Orbital Command  
  22  4:06  Supply Depot  
  22  4:21  Fusion Core  
  22  4:28  Orbital Command  
  22  4:33  Supply Depot  
  22  4:34  Marine  
  22  4:35  Marine  
  24  4:57  Starport Tech Lab  
  24  5:07  SCV  
  25  5:13  SCV  
  26  5:19  SCV  
  27  5:25  SCV  
  28  5:31  SCV  
  29  5:42  Battlecruiser  
  35  5:43  SCV  
  35  5:45  Marine x2  
  38  5:50  SCV  
  38  5:55  SCV  
  40  6:02  SCV  
  41  6:07  SCV  
  42  6:24  Armory  
  42  6:29  Marine x2  
  44  6:47  Marine x2  
  44  6:48  Starport  
  44  6:51  Barracks  
  44  6:52  Battlecruiser  
  52  7:03  Siege Tank  
  55  7:09  Refinery, SCV  
  55  7:10  Refinery  
  56  7:21  SCV  
  56  7:22  Factory  
  57  7:27  SCV  
  58  7:31  Supply Depot x2  
  58  7:33  SCV  
  59  7:39  SCV  
  59  7:42  Barracks Tech Lab  
  60  7:45  SCV  
  60  7:51  SCV  
  62  7:57  SCV  
  58  8:02  Starport Tech Lab  
  58  8:03  SCV  
  58  8:10  Factory Tech Lab, SCV  
  59  8:15  Factory Reactor, SCV  
  59  8:17  Infernal Pre-Igniter  
  60  8:22  SCV  
  61  8:28  Battlecruiser  
  61  8:29  Command Center  
  67  8:35  Hellion  
  69  8:44  Supply Depot  
  69  8:48  SCV  
  69  8:55  Hellion x2  
  74  9:00  SCV  
  75  9:09  Hellion  
  77  9:16  Hellion  
  77  9:17  Hellion  
  81  9:21  Engineering Bay  
  81  9:29  Supply Depot  
  81  9:30  Supply Depot, Weapon Refit  
  81  9:35  Terran Ship Weapons Level 1  
  81  9:40  Battlecruiser  
  87  9:59  Refinery  
  87  10:03  Refinery  
  87  10:21  Planetary Fortress  
  87  10:28  SCV  
  88  10:40  SCV  
  88  10:41  Battlecruiser  
  95  10:50  Starport  
  83  11:45  Siege Tank  
  86  12:04  SCV  
  87  12:11  Command Center, Widow Mine x2  
  91  12:16  SCV  
  91  12:17  Siege Tank  
  95  12:28  Battlecruiser x2, SCV, Starport Tech Lab  
  108  12:32  Widow Mine  
  108  12:33  Widow Mine  
  108  12:35  Starport  
  113  12:44  Starport  
  102  13:12  Widow Mine  
  74  13:31  Starport Tech Lab  
  74  13:32  Battlecruiser, Starport Tech Lab  
Tags
 
Composition
Lurkers
Matchup
TvZ
Opening
Pool First
Replay Pack
MrFercho
Spawn Locations
Cross Positions
Add a new tag
Caveats
  • Supply blocks, unpowered buildings, or Contaminate may cause inaccurate times.
  • Supply counts are checked every 10 seconds.